Map: Dusk Towers

Players

Wibang - Winner!

  • Race: Zerg Zerg
  • League: Grandmaster

Orion

  • Race: Zerg Zerg
  • League: Master

VOD

Have the link to the VOD?

Description

Time

  • Played on: Dec. 1, 2015, 10:20 a.m.
  • Length: 3:47
Show
View Real Time Build Order
Export as new Build Order

Wibang Zerg - Winner!

Build Orders: Pool First 

Get SALT Encoding   

  12  0:01  Drone  
  13  0:08  Drone  
  13  0:13  Extractor  
  13  0:16  Drone  
  14  0:33  Spawning Pool  
  13  0:36  Drone  
  14  0:45  Overlord  
  14  0:52  Extractor  
  14  0:53  Drone  
  15  1:06  Drone  
  16  1:19  Metabolic Boost  
  16  1:20  Zergling x4  
  16  1:21  Zergling x2  
  19  1:33  Zergling x2  
  20  1:47  Hatchery  
  19  1:50  Zergling x2  
  19  1:53  Zergling x2  
  21  2:11  Extractor, Queen  
  21  2:13  Overlord  
  22  2:32  Zergling x2  
  22  2:33  Zergling x2  
  21  2:39  Zergling x2  
  22  2:47  Queen  
  22  2:49  Zergling x2  
  25  3:01  Zergling x4  
  27  3:11  Zergling x4  
  28  3:20  Zergling x2  
  28  3:21  Zergling x2  
  30  3:28  Drone x2  
  30  3:29  Drone  
  30  3:33  Roach Warren  
Show
View Real Time Build Order
Export as new Build Order

Orion Zerg 

Build Orders: Hatch First 

Get SALT Encoding   

  12  0:01  Drone  
  13  0:12  Overlord  
  13  0:18  Drone  
  14  0:30  Drone x2  
  16  0:49  Hatchery  
  15  0:53  Drone  
  15  0:56  Drone  
  17  0:58  Drone  
  17  1:00  Extractor  
  17  1:14  Spawning Pool  
  17  1:18  Drone  
  17  1:21  Drone  
  18  1:28  Drone  
  19  1:44  Drone  
  20  1:49  Drone  
  21  2:00  Overlord  
  21  2:05  Spine Crawler  
  21  2:07  Metabolic Boost, Queen  
  22  2:14  Zergling x6  
  17  2:46  Drone x5  
  22  2:56  Baneling Nest  
  19  3:07  Drone x2  
  20  3:16  Zergling x4  
  20  3:23  Zergling x2  
Tags
 
Add a new tag
Caveats
  • Supply blocks, unpowered buildings, or Contaminate may cause inaccurate times.
  • Supply counts are checked every 10 seconds.